SNL (28 & UNDER)
WICHITA WRANGLERS @ MEMPHIS BLUES
05/12/2030
 
TOP OF THE 1ST
Wichita Wranglers batting - Pitching for Memphis Blues : LHP John Knight
Pitching: LHP John Knight
Batting: LHB Terry Neal 0-0: Swinging Strike
0-1: Foul Ball, location: 2F
0-2: Ground out 4-3 (Groundball, 4S)
Batting: RHB Bob Corrigan 0-0: Ball
1-0: Ball
2-0: Fly out, F3 (Line Drive, 3)
Batting: RHB Hubert MacDonald 0-0: Ball
1-0: Fly out, F8 (Flyball, 78M)
Top of the 1st over - 0 runs, 0 hits, 0 errors, 0 left on base; Wichita 0 - Memphis 0
BOTTOM OF THE 1ST
Memphis Blues batting - Pitching for Wichita Wranglers : RHP Tony Cruz
Pitching: RHP Tony Cruz
Batting: RHB Brandon Townsley 0-0: Ball
1-0: Ball
2-0: SINGLE (Groundball, 56D)
Batting: SHB Hang-ki Yue 0-0: Ball
1-0: Ground out 4-3 (Groundball, 34D)
Brandon Townsley to second
Batting: SHB Fernando Gutiérrez 0-0: Called Strike
0-1: Ball
1-1: Ball
2-1: Foul Ball, location: 2F
2-2: DOUBLE (Line Drive, 8RXD)
Brandon Townsley scores
Batting: RHB Julian Lee 0-0: Ball
1-0: Ball
2-0: Called Strike
2-1: Foul Ball, location: 2F
2-2: Strikes out swinging
Batting: RHB Ryan Nelson 0-0: Foul Ball, location: 2F
0-1: Ball
1-1: Ball
2-1: Foul Ball, location: 2F
2-2: DOUBLE (Line Drive, 5D)
Fernando Gutiérrez scores
Batting: RHB Kirk Powell 0-0: Ball
1-0: Foul Ball, location: 2F
1-1: Swinging Strike
1-2: Strikes out looking
Bottom of the 1st over - 2 runs, 3 hits, 0 errors, 1 left on base; Wichita 0 - Memphis 2
TOP OF THE 2ND
Wichita Wranglers batting - Pitching for Memphis Blues : LHP John Knight
Batting: RHB Oliver Todd 0-0: Ball
1-0: Foul Ball, location: 2F
1-1: Foul Ball, location: 2F
1-2: Ball
2-2: Strikes out swinging
Batting: RHB Travis Ezell 0-0: Foul Ball, location: 2F
0-1: Foul Ball, location: 2F
0-2: Foul Ball, location: 2F
0-2: SINGLE (Line Drive, 56D)
Batting: RHB Mauro Paredes 0-0: Called Strike
0-1: Foul Ball, location: 2F
0-2: Ball
1-2: Foul Ball, location: 2F
1-2: Fly out, F9 (Flyball, 9LD)
Batting: RHB Julián Espinoza 0-0: Fielders Choice at 2nd, U6 (Groundball, 6M)
Top of the 2nd over - 0 runs, 1 hit, 0 errors, 1 left on base; Wichita 0 - Memphis 2
BOTTOM OF THE 2ND
Memphis Blues batting - Pitching for Wichita Wranglers : RHP Tony Cruz
Batting: SHB Ron Winston 0-0: Foul Ball, location: 2F
0-1: Ball
1-1: Foul Ball, location: 2F
1-2: Foul Ball, location: 2F
1-2: Strikes out swinging
Batting: LHB Freddy Torres 0-0: Foul Ball, location: 2F
0-1: SOLO HOME RUN (Flyball, 9D), Distance : 393 ft
Batting: SHB José Velásquez 0-0: Called Strike
0-1: Ground out 6-3 (Groundball, 6MS)
Batting: RHB Brandon Townsley 0-0: Called Strike
0-1: Fly out, F7 (Flyball, 7LM)
Bottom of the 2nd over - 1 run, 1 hit, 0 errors, 0 left on base; Wichita 0 - Memphis 3
TOP OF THE 3RD
Wichita Wranglers batting - Pitching for Memphis Blues : LHP John Knight
Batting: RHB Miguel García 0-0: Ball
1-0: SINGLE (Groundball, 56D)
Batting: LHB John Lynch 0-0: Called Strike
0-1: Ball
1-1: Ball
2-1: Foul Ball, location: 2F
2-2: Ball
3-2: 2-RUN HOME RUN (Line Drive, 9LD), Distance : 376 ft
Batting: LHB Terry Neal 0-0: Ground out 1-3 (Groundball, 13S)
Batting: RHB Bob Corrigan 0-0: SINGLE (Groundball, 6MD)
Batting: RHB Hubert MacDonald 0-0: Ball
1-0: Called Strike
1-1: SINGLE (Groundball, 56D)
Bob Corrigan to second
Batting: RHB Oliver Todd 0-0: Ball
1-0: Foul Ball, location: 2F
1-1: Called Strike
1-2: Fly out, F9 (Flyball, 9LD)
Runner from 2nd tags up, SAFE at 3rd, no throw
Batting: RHB Travis Ezell 0-0: Called Strike
0-1: Ground out 4-3 (Groundball, 4)
Top of the 3rd over - 2 runs, 4 hits, 0 errors, 2 left on base; Wichita 2 - Memphis 3
BOTTOM OF THE 3RD
Memphis Blues batting - Pitching for Wichita Wranglers : RHP Tony Cruz
Batting: SHB Hang-ki Yue 0-0: Foul Ball, location: 2F
0-1: Called Strike
0-2: Ball
1-2: Ball
2-2: Strikes out swinging
Batting: SHB Fernando Gutiérrez 0-0: Ball
1-0: Foul Ball, location: 2F
1-1: Ball
2-1: Ball
3-1: Called Strike
3-2: Base on Balls
Batting: RHB Julian Lee 0-0: Ball
1-0: Swinging Strike
1-1: Ball
2-1: Ball
3-1: Called Strike
3-2: Base on Balls
Fernando Gutiérrez to second
Batting: RHB Ryan Nelson 0-0: SINGLE (Groundball, 56D)
Fernando Gutiérrez to third
Julian Lee to second
Runner from 3rd tries for Home, SAFE, no throw
Batting: RHB Kirk Powell 0-0: Ball
Julian Lee steals 3rd base
1-0: Ball
2-0: Called Strike
2-1: Swinging Strike
2-2: Foul Ball, location: 2F
2-2: Ball
3-2: TRIPLE (Flyball, 7D)
Julian Lee scores
Ryan Nelson scores
Pitching: RHP Josse Teves
Batting: SHB Ron Winston 0-0: Called Strike
0-1: Swinging Strike
0-2: Ball
1-2: Strikes out looking
Batting: LHB Freddy Torres 0-0: Ball
1-0: Foul Ball, location: 2F
1-1: Called Strike
1-2: SINGLE (Line Drive, 78S)
Kirk Powell scores
Batting: SHB José Velásquez 0-0: Ball
1-0: Ball
2-0: Called Strike
2-1: Ball
3-1: SINGLE (Groundball, 4MS) (infield hit)
Freddy Torres to second
Batting: RHB Brandon Townsley 0-0: Ball
1-0: 3-RUN HOME RUN (Flyball, 7LD), Distance : 370 ft
Batting: SHB Hang-ki Yue 0-0: Ball
1-0: Ball
2-0: Foul Ball, location: 2F
2-1: Ball
3-1: Base on Balls
Batting: SHB Fernando Gutiérrez 0-0: Called Strike
0-1: Ball
1-1: Called Strike
1-2: Strikes out swinging
Bottom of the 3rd over - 7 runs, 5 hits, 0 errors, 1 left on base; Wichita 2 - Memphis 10
TOP OF THE 4TH
Wichita Wranglers batting - Pitching for Memphis Blues : LHP John Knight
Batting: RHB Mauro Paredes 0-0: Foul Ball, location: 2F
0-1: Foul Ball, location: 2F
0-2: Foul Ball, location: 2F
0-2: Ball
1-2: Strikes out swinging
Batting: RHB Julián Espinoza 0-0: Foul Ball, location: 2F
0-1: Foul Ball, location: 2F
0-2: Foul Ball, location: 2F
0-2: Ball
1-2: Ball
2-2: Fly out, F6 (Line Drive, 6)
Batting: RHB Miguel García 0-0: Ball
1-0: Ground out 5-3 (Groundball, 56S)
Top of the 4th over - 0 runs, 0 hits, 0 errors, 0 left on base; Wichita 2 - Memphis 10
BOTTOM OF THE 4TH
Memphis Blues batting - Pitching for Wichita Wranglers : RHP Josse Teves
Batting: RHB Julian Lee 0-0: Ball
1-0: Ball
2-0: Foul Ball, location: 2F
2-1: Swinging Strike
2-2: Foul Ball, location: 2F
2-2: Strikes out swinging
Batting: RHB Ryan Nelson 0-0: Ball
1-0: Ball
2-0: Ball
3-0: Called Strike
3-1: Foul Ball, location: 2F
3-2: Base on Balls
Batting: RHB Kirk Powell 0-0: Ball
1-0: Called Strike
1-1: Ball
2-1: SINGLE (Groundball, 4MD)
Ryan Nelson to second
Batting: SHB Ron Winston 0-0: Ball
Passed Ball!
Ryan Nelson to third
Kirk Powell to second
1-0: Called Strike
1-1: Ball
2-1: Ball
3-1: Base on Balls
Batting: LHB Freddy Torres 0-0: Ball
1-0: Swinging Strike
1-1: Called Strike
1-2: Strikes out looking
Batting: SHB José Velásquez 0-0: Ball
1-0: Called Strike
1-1: Ground out 4-3 (Groundball, 4)
Bottom of the 4th over - 0 runs, 1 hit, 0 errors, 3 left on base; Wichita 2 - Memphis 10
TOP OF THE 5TH
Wichita Wranglers batting - Pitching for Memphis Blues : LHP John Knight
Batting: LHB John Lynch 0-0: SINGLE (Groundball, 56D)
Batting: LHB Terry Neal 0-0: Ball
1-0: Ball
2-0: DOUBLE (Line Drive, 89M)
John Lynch to third
Runner from 3rd tries for Home, SAFE, no throw
Batting: RHB Bob Corrigan 0-0: Ground out 4-3 (Groundball, 4)
Terry Neal to third
Batting: RHB Hubert MacDonald 0-0: Ball
1-0: Called Strike
1-1: Swinging Strike
1-2: Strikes out swinging
Batting: RHB Oliver Todd 0-0: Swinging Strike
0-1: Ground out 1-3 (Groundball, 13S)
Top of the 5th over - 1 run, 2 hits, 0 errors, 1 left on base; Wichita 3 - Memphis 10
BOTTOM OF THE 5TH
Memphis Blues batting - Pitching for Wichita Wranglers : RHP Josse Teves
Batting: RHB Brandon Townsley 0-0: Ball
1-0: Ball
2-0: Foul Ball, location: 2F
2-1: Foul Ball, location: 2F
2-2: Foul Ball, location: 2F
2-2: Ball
3-2: TRIPLE (Flyball, 78XD)
Batting: SHB Hang-ki Yue 0-0: Ball
1-0: Foul Ball, location: 2F
1-1: Ball
2-1: Ground out 6-3 (Groundball, 6)
Brandon Townsley scores
Batting: SHB Fernando Gutiérrez 0-0: Swinging Strike
0-1: Foul Ball, location: 2F
0-2: Ball
1-2: Strikes out swinging
Batting: RHB Julian Lee 0-0: Ball
1-0: Ball
2-0: Foul Ball, location: 2F
2-1: Swinging Strike
2-2: Ground out 1-3 (Groundball, 13)
Bottom of the 5th over - 1 run, 1 hit, 0 errors, 0 left on base; Wichita 3 - Memphis 11
TOP OF THE 6TH
Wichita Wranglers batting - Pitching for Memphis Blues : LHP John Knight
Batting: RHB Travis Ezell 0-0: Swinging Strike
0-1: Ground out 4-3 (Groundball, 4)
Batting: RHB Mauro Paredes 0-0: Called Strike
0-1: Foul Ball, location: 2F
0-2: Ball
1-2: Foul Ball, location: 2F
1-2: Ball
2-2: Foul Ball, location: 2F
2-2: Ball
3-2: SINGLE (Line Drive, 6D)
Batting: RHB Julián Espinoza 0-0: Foul Ball, location: 2F
0-1: Ball
1-1: Foul Ball, location: 2F
1-2: Ball
2-2: Fly out, F9 (Flyball, 9S)
Batting: RHB Miguel García 0-0: Called Strike
0-1: Called Strike
0-2: Strikes out swinging
Top of the 6th over - 0 runs, 1 hit, 0 errors, 1 left on base; Wichita 3 - Memphis 11
BOTTOM OF THE 6TH
Memphis Blues batting - Pitching for Wichita Wranglers : RHP Josse Teves
Batting: RHB Ryan Nelson 0-0: Ball
1-0: DOUBLE (Groundball, 5L)
Pitching: RHP José Rodríguez
Batting: RHB Kirk Powell 0-0: Foul Ball, location: 2F
0-1: Ball
1-1: SINGLE (Line Drive, 56D)
Ryan Nelson to third
Batting: SHB Ron Winston 0-0: Ball
1-0: Ball
2-0: SINGLE (Groundball, 6D)
Ryan Nelson scores
Kirk Powell to second
Batting: LHB Freddy Torres 0-0: Ball
1-0: Called Strike
1-1: Ball
2-1: Foul Ball, location: 2F
2-2: Foul Ball, location: 2F
2-2: Foul Ball, location: 2F
2-2: Fly out, F9 (Flyball, 9)
Runner from 2nd tags up, OUT at 3rd
Batting: SHB José Velásquez 0-0: Fly out, F8 (Flyball, 8RD)
Bottom of the 6th over - 1 run, 3 hits, 0 errors, 1 left on base; Wichita 3 - Memphis 12
TOP OF THE 7TH
Wichita Wranglers batting - Pitching for Memphis Blues : LHP John Knight
Batting: LHB John Lynch 0-0: Ball
1-0: Ground out 5-3 (Groundball, 56S)
Batting: LHB Terry Neal 0-0: Ball
1-0: Swinging Strike
1-1: Ball
2-1: Ball
3-1: Called Strike
3-2: Base on Balls
Batting: RHB Bob Corrigan 0-0: Foul Ball, location: 2F
0-1: Ball
1-1: Ball
2-1: Foul Ball, location: 2F
2-2: Grounds into double play, 6-4-3 (Groundball, 6)
Top of the 7th over - 0 runs, 0 hits, 0 errors, 0 left on base; Wichita 3 - Memphis 12
BOTTOM OF THE 7TH
Memphis Blues batting - Pitching for Wichita Wranglers : RHP José Rodríguez
Batting: RHB Brandon Townsley 0-0: Ball
1-0: Foul Ball, location: 2F
1-1: Ball
2-1: Ball
3-1: TRIPLE (Line Drive, 8LXD)
Batting: SHB Hang-ki Yue 0-0: Ball
1-0: Ball
2-0: Ball
3-0: Called Strike
3-1: Ground out U3 (Groundball, 3)
Batting: SHB Fernando Gutiérrez 0-0: Ball
1-0: Ball
2-0: Called Strike
2-1: Called Strike
2-2: Ball
3-2: Foul Ball, location: 2F
3-2: Base on Balls
Batting: RHB Julian Lee 0-0: Fielders Choice at 2nd, 1-6 (Groundball, 13S)
Batting: RHB Ryan Nelson 0-0: Ball
1-0: Ball
2-0: Ball
3-0: Called Strike
3-1: Foul Ball, location: 2F
3-2: Base on Balls
Julian Lee to second
Batting: RHB Kirk Powell 0-0: Foul Ball, location: 2F
0-1: Ball
1-1: Ball
2-1: Foul Ball, location: 2F
2-2: Ball
3-2: Base on Balls
Brandon Townsley scores
Julian Lee to third
Ryan Nelson to second
Batting: SHB Ron Winston 0-0: Ball
1-0: Fly out, F8 (Flyball, 78M)
Bottom of the 7th over - 1 run, 1 hit, 0 errors, 3 left on base; Wichita 3 - Memphis 13
TOP OF THE 8TH
Wichita Wranglers batting - Pitching for Memphis Blues : LHP John Knight
Now at C: Guy Morrison
Now at 1B: Wilson Flores
Batting: RHB Hubert MacDonald 0-0: Fly out, F8 (Flyball, 8LM)
Batting: RHB Oliver Todd 0-0: Called Strike
0-1: Called Strike
0-2: Fly out, F7 (Flyball, 7)
Batting: RHB Travis Ezell 0-0: Called Strike
0-1: Ball
1-1: Ball
2-1: Ball
3-1: Base on Balls
Batting: RHB Mauro Paredes 0-0: Ball
1-0: Called Strike
1-1: Foul Ball, location: 2F
1-2: Ball
2-2: Foul Ball, location: 2F
2-2: Foul Ball, location: 2F
2-2: SINGLE (Groundball, 4D)
Travis Ezell to second
Runner from 2nd tries for 3rd, SAFE, throw made to third
Batting: RHB Julián Espinoza 0-0: Called Strike
0-1: Ball
1-1: Ball
2-1: Ball
3-1: Base on Balls
Mauro Paredes to second
Pitching: LHP Jaden Watkins
Batting: RHB Miguel García 0-0: Called Strike
0-1: Ball
1-1: Called Strike
1-2: Foul Ball, location: 2F
1-2: Foul Ball, location: 2F
1-2: Ball
2-2: Foul Ball, location: 2F
2-2: Ball
3-2: Base on Balls
Travis Ezell scores
Mauro Paredes to third
Julián Espinoza to second
Batting: LHB John Lynch 0-0: Called Strike
0-1: Ball
Wild Pitch!
Mauro Paredes scores
Julián Espinoza to third
Miguel García to second
1-1: Ball
2-1: Ball
3-1: Base on Balls
Batting: LHB Terry Neal 0-0: Ball
1-0: Ball
2-0: Fielders Choice at 2nd, 5-4 (Groundball, 56)
Top of the 8th over - 2 runs, 1 hit, 0 errors, 3 left on base; Wichita 5 - Memphis 13
BOTTOM OF THE 8TH
Memphis Blues batting - Pitching for Wichita Wranglers : RHP José Rodríguez
Batting: LHB Freddy Torres 0-0: Foul Ball, location: 2F
0-1: Foul Ball, location: 2F
0-2: Ball
1-2: Foul Ball, location: 2F
1-2: Ball
2-2: Strikes out swinging
Batting: SHB José Velásquez 0-0: Ball
1-0: Foul Ball, location: 2F
1-1: Ball
2-1: Called Strike
2-2: Strikes out swinging
Batting: RHB Brandon Townsley 0-0: Ball
1-0: Ball
2-0: Called Strike
2-1: Ball
3-1: Called Strike
3-2: SINGLE (Flyball, 7S)
Batting: SHB Hang-ki Yue 0-0: Ball
1-0: Called Strike
1-1: SINGLE (Line Drive, 78S)
Brandon Townsley to second
Batting: SHB Fernando Gutiérrez 0-0: Ground out 4-3 (Groundball, 34D)
Bottom of the 8th over - 0 runs, 2 hits, 0 errors, 2 left on base; Wichita 5 - Memphis 13
TOP OF THE 9TH
Wichita Wranglers batting - Pitching for Memphis Blues : LHP Jaden Watkins
Now at 3B: Ángel López
Now in LF: Artie Green
Batting: RHB Bob Corrigan 0-0: Swinging Strike
0-1: Ball
1-1: Foul Ball, location: 2F
1-2: Foul Ball, location: 2F
1-2: Ball
2-2: Strikes out swinging
Batting: RHB Hubert MacDonald 0-0: Foul Ball, location: 2F
0-1: Called Strike
0-2: Foul Ball, location: 2F
0-2: Ball
1-2: SINGLE (Groundball, 34D)
Batting: RHB Oliver Todd 0-0: Ball
1-0: Called Strike
1-1: Ball
2-1: Foul Ball, location: 2F
2-2: DOUBLE (Line Drive, 7LM)
Hubert MacDonald to third
Batting: RHB Travis Ezell 0-0: Called Strike
0-1: Ball
1-1: Fly out, F9 (Flyball, 9S)
Batting: RHB Mauro Paredes 0-0: Called Strike
0-1: Foul Ball, location: 2F
0-2: SINGLE (Line Drive, 8LS)
Hubert MacDonald scores
Oliver Todd to third
Batting: RHB Julián Espinoza 0-0: Ball
1-0: Called Strike
1-1: Ball
2-1: Called Strike
2-2: Strikes out swinging
Top of the 9th over - 1 run, 3 hits, 0 errors, 2 left on base; Wichita 6 - Memphis 13
Saturday, April 7th, 2018 - OOTP Baseball 18.8 Build 76